 Dungeon Crawl Stone Soup version 0.24-a0-230-g536ed4e (webtiles) character file.

Game seed: 9013155025403253545

329 wirefist the Skirmisher (level 6, 0/51 HPs)
             Began as a Formicid Fighter on Apr 2, 2019.
             Slain by a mummy (12 damage)
             ... in an ossuary.
             The game lasted 00:05:57 (4151 turns).

wirefist the Skirmisher (Formicid Fighter)          Turns: 4151, Time: 00:05:57

Health: 0/51       AC:  5    Str: 22    XL:     6   Next: 80%
Magic:  6/6        EV:  9    Int:  8    God:
Gold:   152        SH: 10    Dex: 10    Spells: 5/5 levels left

rFire    . . .     SeeInvis +   q - +2 hand axe (venom)
rCold    + . .     Gourm    .   c - +0 shield
rNeg     . . .     Faith    .   r - +2 leather armour {rC+}
rPois    .         Spirit   .   (helmet unavailable)
rElec    .         Reflect  .   (no cloak)
rCorr    .         Harm     .   (no gloves)
MR       .....                  (no boots)
Stlth    +.........             (no amulet)
HPRegen  0.17/turn              (no ring)
MPRegen  0.10/turn              (no ring)

@: no status effects
A: permanent stasis, dig shafts and tunnels, four strong arms, antennae 3
a: Dig, Shaft Self


You were in an ossuary.
You were not hungry.

You visited 1 branch of the dungeon, and saw 5 of its levels.
You also visited: Ossuary.

You collected 152 gold pieces.

Inventory:

Hand Weapons
 a - a +0 war axe
 q - a +2 hand axe of venom (weapon)
Armour
 b - a +0 scale mail
 c - a +0 shield (worn)
 r - a +2 leather armour of cold resistance (worn)
Scrolls
 h - 5 scrolls of identify {unknown}
 j - 4 scrolls of amnesia {unknown}
 k - 2 scrolls of fear {unknown}
 m - 2 scrolls of fog {unknown}
 o - 2 scrolls of enchant armour {unknown}
 p - a scroll of blinking {unknown}
Potions
 d - a potion of might
 e - a potion of magic {unknown}
 i - 2 potions of heal wounds {unknown}
 l - a potion of agility {unknown}
 n - a potion of curing {unknown}
 s - 2 potions of lignification {unknown}
Comestibles
 f - 9 rations
 g - 9 chunks of flesh


   Skills:
 * Level 5.2 Fighting
 * Level 4.1 Axes
 + Level 4.3 Armour
 + Level 4.8 Shields


You had 5 spell levels left.
You didn't know any spells.
Your spell library was empty.

Dungeon Overview and Level Annotations

Branches:
Dungeon (5/15)
 Temple: D:4-7

Altars:


Innate Abilities, Weirdness & Mutations

You cannot be hasted, slowed, berserked, paralysed or teleported.
You can dig through walls and to a lower floor.
Your four strong arms can wield two-handed weapons with a shield.
You have a pair of large antennae on your head. (SInv)


Message History

You block the mummy's attack. x2; The mummy hits you but does no damage.
You hit the mummy.
The mummy is heavily damaged.
You hit the mummy. x2; The mummy hits you!
The mummy closely misses you.
You hit the mummy but do no damage.
The mummy is heavily damaged.
You hit the mummy. x2; You block the mummy's attack. x2
You hit the mummy.
The mummy is severely damaged.
You barely miss the mummy. You hit the mummy. The mummy barely misses you.
The mummy hits you but does no damage.
Your shield prevents you from hitting the mummy.
The mummy is severely damaged.
You hit the mummy but do no damage. x2; The mummy barely misses you.
The mummy hits you! x2
* * * LOW HITPOINT WARNING * * *
You hit the mummy.
The mummy is almost destroyed.
You barely miss the mummy. You closely miss the mummy. The mummy hits you!
You die...

#######
#.#.#.#
#.....#
#...#
#.∩.#


#MMM# #.@.# #...# ##+## { { You could see 3 mummies.

Vanquished Creatures
  A bullfrog skeleton (D:4)
  2 hounds
  An orc wizard (D:3)
  A worker ant (D:4)
  A hound skeleton (D:4)
  5 adders
  An ooze (D:2)
  3 worms
  10 dart slugs (D:3)
  2 leopard geckos (D:1)
  17 orcs
  2 giant cockroaches
  A goblin (D:2)
  6 hobgoblins
  6 jackals (D:2)
  11 kobolds
  3 bats
  7 frilled lizards
  10 rats
90 creatures vanquished.

Notes
Turn   | Place    | Note
-------+----------+-------------------------------------------
     0 | D:1      | wirefist the Formicid Fighter began the quest for the Orb.
     0 | D:1      | Reached XP level 1. HP: 18/18 MP: 1/1
   204 | D:1      | Reached XP level 2. HP: 22/24 MP: 2/2
   701 | D:2      | Reached XP level 3. HP: 24/30 MP: 3/3
   997 | D:2      | Reached skill level 4 in Fighting
   997 | D:2      | Reached XP level 4. HP: 24/37 MP: 4/4
  2080 | D:3      | Reached XP level 5. HP: 36/42 MP: 5/5
  2748 | D:3      | Reached XP level 6. HP: 31/49 MP: 6/6
  3598 | D:4      | Reached skill level 5 in Fighting
  4033 | D:5      | Entered Level 5 of the Dungeon
  4131 | D:5      | Found a sand-covered staircase.
  4136 | Ossuary  | Entered an ossuary
  4151 | Ossuary  | Slain by a mummy

Levels and vault maps discovered:
D:1:      dpeg_arrival_windows_large_door, layout_basic
D:2:      layout_basic
D:3:      kennysheep_slugbush, layout_loops_ring
D:4:      layout_basic, serial_shops, nicolae_shop_stone,
          nicolae_shop_waterfront, minmay_vboxes
D:5:      layout_gridville, minmay_temple_entry_stoned_glass, first_ration,
          nicolae_ossuary_entry_false_entrances
Ossuary:  ossuary_minmay_chase

Skill      XL: |  1  2  3  4  5  6 |
---------------+-------------------+-----
Shields        | 4 |  4.8
Fighting       | 4 5 |  5.2
Axes           | 3 4 |  4.1
Armour         | 4 |  4.3

Action                   |  1- 3 |  4- 6 || total
-------------------------+-------+-------++-------
Melee: War axe           |    81 |   148 ||   229
       Hand axe          |       |    76 ||    76
  Eat: Chunk             |       |    11 ||    11
Armor: Scale mail        |    29 |    48 ||    77
       Leather armour    |       |    15 ||    15
Dodge: Dodged            |    26 |    80 ||   106
Block: Shield            |    51 |   120 ||   171

Table legend:
 A = Non-vault XP
 B = Vault XP
 C = Vault XP percentage of total XP
 D = Non-vault monster count
 E = Vault monster count
 F = Vault count percentage of total count
                 A         B        C        D         E       F
            +---------+---------+-------+---------+---------+-------
      Total |     434 |      36 |   7.7 |      81 |       9 |  10.0
            +---------+---------+-------+---------+---------+-------
        D:1 |      24 |       0 |   0.0 |      15 |       0 |   0.0
        D:2 |     102 |       0 |   0.0 |      29 |       0 |   0.0
        D:3 |     152 |      36 |  19.1 |      26 |       9 |  25.7
        D:4 |     144 |       0 |   0.0 |       7 |       0 |   0.0
        D:5 |      12 |       0 |   0.0 |       4 |       0 |   0.0
            +---------+---------+-------+---------+---------+-------
